 Dungeon Crawl Stone Soup version 0.30-a0-972-gf3ab3527aa (webtiles) character file.

Game seed: 2439812365025220790

114 Zonian the Ducker (level 4, -3/27 (37) HPs)
             Began as a Barachi Gladiator on Apr 1, 2023.
             Killed from afar by an orc wizard (5 damage)
             ... with a puff of flame
             ... on level 3 of the Dungeon.
             The game lasted 00:03:21 (2613 turns).

Zonian the Ducker (Barachi Gladiator)               Turns: 2613, Time: 00:03:22

HP:   -3/27 (37)    AC:  4    Str: 18    XL:     4   Next: 97%
MP:   4/4           EV: 13    Int:  8    God:
Gold: 154           SH:  0    Dex: 13    Spells: 3/3 levels left

rFire   . . .      SeeInvis .      - Unarmed
rCold   . . .      Faith    .    (no shield)
rNeg    . . .      Spirit   .    a - +0 leather armour
rPois   .          Reflect  .    b - +0 helmet
rElec   .          Rampage  .    (no cloak)
rCorr   .                        (no gloves)
Will    .....                    (no boots)
Stlth   +                        (no amulet)
HPRegen 0.24/turn                (no ring)
MPRegen 0.09/turn                (no ring)

@: attractive, hasted, very heavily drained, very quick
A: amphibious, slowness 1, strong legs 1, +LOS
a: Hop


You were on level 3 of the Dungeon.
You visited 1 branch of the dungeon, and saw 3 of its levels.

You collected 154 gold pieces.

Inventory:

Missiles
 c - 3 throwing nets (quivered)
 d - a javelin
 m - 12 poisoned darts
Armour
 a - a +0 leather armour (worn)
 b - a +0 helmet (worn)
Jewellery
 h - a ring of magical power
 p - a ring of willpower
Scrolls
 e - a scroll of magic mapping {unknown}
 f - 2 scrolls of amnesia {unknown}
 i - 3 scrolls of identify {unknown}
 j - 2 scrolls of enchant armour {unknown}
 k - 2 scrolls of teleportation {unknown}
 o - 3 scrolls of blinking {unknown}
 q - 3 scrolls of immolation {unknown}
Potions
 n - a potion of heal wounds {unknown}


   Skills:
 + Level 3.7 Fighting
 + Level 3.0 Throwing
 + Level 4.1 Dodging
 + Level 4.1 Unarmed Combat


You had 3 spell levels left.
You didn't know any spells.
Your spell library contained the following spells:

 Spells                   Type           Power      Damage    Failure   Level
 Call Canine Familiar     Summ           0%         N/A       83%         3
 Frozen Ramparts          Ice            0%         1d1       83%         3
 Ignite Poison            Fire/Tmut/Pois 0%         N/A       83%         3
 Portal Projectile        Hex/Tloc       0%         N/A       83%         3
 Ice Form                 Ice/Tmut       0%         N/A       99%         4
 Leda's Liquefaction      Hex/Erth       0%         N/A       99%         4
 Sticky Flame             Conj/Fire      0%         2d3       99%         4
 Summon Ice Beast         Ice/Summ       0%         N/A       99%         4
 Ignition                 Fire           0%         3d3       100%        8


Dungeon Overview and Level Annotations

Branches:
Dungeon (3/15)

Altars:


Innate Abilities, Weirdness & Mutations

You are amphibious.
You cover ground slowly.
You can hop short distances.
You have an extended range of vision and can be seen from far away.


Message History

No target in view!
You miss something. Something hits you.
You feel drained.
An orc comes into view. It is wielding a +0 hand axe.
The orc shouts!
You hit something but do no damage. Something hits you.
You feel drained.
You punch something! Something hits you.
You feel drained.
You miss something. Your punch misses something. Something hits you.
You feel drained.
You hit something but do no damage. Something hits you but does no damage.
You feel drained.
You barely miss something. Something hits you.
You feel drained.
You closely miss something. You hit something. Your punch misses something.
Something hits you.
You feel drained.
You hit something.
You hear some strange, mumbled words.
A puff of flame appears from out of thin air!
The puff of flame hits you!
* * * LOW HITPOINT WARNING * * *
You barely miss something. Something hits you.
* * * LOW HITPOINT WARNING * * *
You feel drained.
You closely miss something. Something hits you.
* * * LOW HITPOINT WARNING * * *
You feel drained.
You miss something. Something hits you.
* * * LOW HITPOINT WARNING * * *
You feel drained.
* * * LOW HITPOINT WARNING * * *
It was a potion of attraction.
You feel attractive to monsters.
You hear some strange, mumbled words.
Something tries to affect you, but you resist.
It was a potion of haste.
You feel yourself speed up.
You hear some strange, mumbled words.
Something tries to affect you, but you resist.
You hear some strange, mumbled words.
A puff of flame appears from out of thin air!
The puff of flame hits you.
You die...

...........#.##
.............>#
...........#..#
##########.#..#
########.#..#
.)..........#
########.#..###########
#.####.#............#
#.o{.@.##.#######.###
#.#######.# #.# #.# #.#
.# #.# #.# .# #.# #.#
.# #.# #.# .# #.# #.#
.# #.# #.# ########.#
... #.#


You could see an orc.

Vanquished Creatures
  An orc priest (D:3)
  3 adders (D:3)
  3 worms
  A dart slug (D:2)
  3 ball pythons
  5 bats
  5 endoplasms
  2 giant cockroaches
  7 goblins
  3 hobgoblins
  2 jackals (D:1)
  2 quokkas
  2 frilled lizards
  3 kobolds
  A rat (D:1)
43 creatures vanquished.

Notes
Turn   | Place    | Note
-------+----------+-------------------------------------------
     0 | D:1      | Zonian the Barachi Gladiator began the quest for the Orb.
     0 | D:1      | Reached XP level 1. HP: 17/17 MP: 1/1
   414 | D:1      | Reached XP level 2. HP: 23/23 MP: 2/2
  1068 | D:2      | Reached XP level 3. HP: 23/28 MP: 3/3
  1313 | D:2      | Found a faded altar of an unknown god.
  1961 | D:3      | Reached XP level 4. HP: 20/35 MP: 4/4
  2610 | D:3      | HP: 1/27 [something (1)]
  2613 | D:3      | Killed from afar by an orc wizard

Illustrated notes

Levels and vault maps discovered:
D:1:      saegor_arrival_simple_c, layout_basic, minmay_stone_trees_small
D:2:      layout_loops_cross, basic_ecumenical_altar
D:3:      layout_basic, kennysheep_generic_room_7

Skill      XL: |  1  2  3  4 |
---------------+-------------+-----
Fighting       | 3 |  3.7
Unarmed Combat | 4 |  4.1
Dodging        | 4 |  4.1
Throwing       | 3 |  3.0

Action                     |  1- 3 |  4- 6 || total
---------------------------+-------+-------++-------
  Melee: Unarmed           |   169 |    60 ||   229
         Punch             |     1 |     2 ||     3
  Throw: Dart              |     1 |       ||     1
    Use: Scroll            |     1 |       ||     1
         Potion            |       |     2 ||     2
   Stab: Sleeping          |     1 |       ||     1
 Armour: Leather armour    |    50 |    12 ||    62
  Dodge: Dodged            |   100 |    22 ||   122

Table legend: (Time is in decaauts)
 A = Elapsed time spent in this place.
 B = Non-inter-level travel time spent in this place.
 C = Inter-level travel time spent in this place.
 D = Time resting spent in this place.
 E = Time spent auto-exploring this place.
 F = Levels seen in this place.
 G = Mean time per level.
                   A        B        C        D        E       F      G
               +--------+--------+--------+--------+--------+-----+--------+
         Total |   2897 |   2854 |     43 |    596 |   1734 |   3 |  965.7 |
       Dungeon |   2897 |   2854 |     43 |    596 |   1734 |   3 |  965.7 |
               +--------+--------+--------+--------+--------+-----+--------+

Top non-repeatable levels by time:
     D:1: 1119 daAuts
     D:2: 981 daAuts
     D:3: 796 daAuts
